 Dungeon Crawl Stone Soup version 0.29-a0-72-g1732ff48e7 (webtiles) character file.

Game seed: 11925763932177363362

7 Hubjo the Sneak (level 1, 0/11 HPs)
             Began as a Vampire Enchanter on Feb 3, 2022.
             Slain by Natasha (1 damage)
             ... on level 2 of the Dungeon.
             The game lasted 00:01:29 (358 turns).

Hubjo the Sneak (Vampire Enchanter)                  Turns: 358, Time: 00:01:29

Health: 0/11       AC:  3    Str:  7    XL:     1   Next: 91%
Magic:  3/3        EV: 12    Int: 17    God:
Gold:   0          SH:  0    Dex: 14    Spells: 4/4 levels left

rFire   . . .      SeeInvis +   a - +1 dagger
rCold   + + .      Faith    .   (no shield)
rNeg    + + +      Spirit   .   b - +0 robe
rPois   ∞          Reflect  .   (no helmet)
rElec   .          Harm     .   (no cloak)
rCorr   .          Rampage  .   (no gloves)
Will    .....                   e - +0 pair of boots
Stlth   +++++.....              (no amulet)
HPRegen 0.00/turn               (no ring)
MPRegen 0.08/turn               (no ring)

@: about to teleport, bloodless, inhibited regen
A: bloodless, fangs 3, see invisible, vampiric 1
a: Revivify


You were on level 2 of the Dungeon.
You visited 1 branch of the dungeon, and saw 2 of its levels.

Inventory:

Hand Weapons
 a - a +1 dagger (weapon)
Missiles
 d - a throwing net (quivered)
Armour
 b - a +0 robe (worn)
 e - a +0 pair of boots (worn)
Potions
 c - a potion of invisibility


   Skills:
 * Level 0.4 Fighting
 + Level 1.3 Short Blades
 + Level 2.3 Dodging
 * Level 4.6 Stealth
 - Level 2.0 Spellcasting
 + Level 4.5 Hexes


You had 4 spell levels left.
You didn't know any spells.
Your spell library contained the following spells:

 Spells                   Type           Power      Damage    Failure   Level
 Confusing Touch          Hex            17%        N/A       9%          3
 Tukima's Dance           Hex            17%        N/A       9%          3
 Ensorcelled Hibernation  Hex/Ice        18%        N/A       12%         2
 Dazzling Flash           Conj/Hex       18%        N/A       22%         3


Dungeon Overview and Level Annotations

Branches:
Dungeon (2/15)

Altars:

Annotations:
D:2 Natasha


Innate Abilities, Weirdness & Mutations

You do not regenerate when monsters are visible.
You are frail without blood (-20% HP).
You can heal yourself when you bite living creatures.
You are immune to poison.
You have razor-sharp teeth.
You have supernaturally acute eyesight. (SInv)
You are afflicted with vampirism.


Message History

A ball python is nearby!
The ball python hisses angrily.
The ball python bites you. The ball python closely misses you.
The ball python bites you but does no damage.
The ball python barely misses you.
You hit the ball python.
You kill the ball python!
You see here a ball python corpse.
You start resting.
HP restored.
A dart slug comes into view.
The dart slug briefly extends its eye-stalks.
You hit the dart slug.
The dart slug is moderately wounded.
The dart slug bites you.
You hit the dart slug.
The dart slug is severely wounded.
You hit the dart slug.
You kill the dart slug!
You see here a dart slug corpse.
Natasha, Servant of Life and Death comes into view.
Found a scroll labelled LESEACSUAZ.
f - a scroll labelled LESEACSUAZ
Found a stone staircase leading up.
A hobgoblin comes into view.
The hobgoblin shouts!
You hear an angry hiss.
You closely miss the hobgoblin. The hobgoblin barely misses you.
You hit the hobgoblin but do no damage. The hobgoblin hits you.
You hit the hobgoblin but do no damage. Your bite misses the hobgoblin.
Natasha stares at you and mumbles some strange words.
The magic dart hits you.
Ouch! That really hurt!
* * * LOW HITPOINT WARNING * * *
The hobgoblin hits you.
* * * LOW HITPOINT WARNING * * *
As you read the scroll labelled LESEACSUAZ, it crumbles to dust.
You feel strangely unstable.
It was a scroll of teleportation.
The hobgoblin barely misses you. Natasha claws you.
You die...

######........#.#....
..#
......†####.#.....h..
...# ########
#.#.#...####...#
#†#.#######....#
#.#.#<.........#
#.#.#..........#
#.#.#...........
#.#.#.#hg^###.##
..#...@.......#
#.#.#.....#####
#.#.####### ###


You could see Natasha and a hobgoblin.

Vanquished Creatures
  A dart slug (D:2)
  An endoplasm (D:2)
  A goblin (D:2)
  A hobgoblin (D:2)
  A ball python (D:2)
5 creatures vanquished.

Notes
Turn   | Place    | Note
-------+----------+-------------------------------------------
     0 | D:1      | Hubjo the Vampire Enchanter began the quest for the Orb.
     0 | D:1      | Reached XP level 1. HP: 13/13 MP: 3/3
   331 | D:2      | Noticed Natasha
   358 | D:2      | Slain by Natasha

Illustrated notes

Levels and vault maps discovered:
D:1:      amcnicky_arrival_blooded_trapdoor, layout_basic, serial_shops,
          shop_coins, nicolae_figureground_pulse
D:2:      layout_basic, uniq_sigmund, uniq_natasha

Action                   || total
-------------------------++-------
Melee: Dagger            ||    21
       Bite              ||     3
 Abil: Exsanguinate      ||     1
  Use: Scroll            ||     1
Armor: Robe              ||     3
Dodge: Dodged            ||    13

Table legend: (Time is in decaauts)
 A = Elapsed time spent in this place.
 B = Non-inter-level travel time spent in this place.
 C = Inter-level travel time spent in this place.
 D = Time resting spent in this place.
 E = Time spent auto-exploring this place.
 F = Levels seen in this place.
 G = Mean time per level.
                   A        B        C        D        E       F      G
               +--------+--------+--------+--------+--------+-----+--------+
         Total |    356 |    311 |     45 |    167 |     55 |   2 |  178.0 |
       Dungeon |    356 |    311 |     45 |    167 |     55 |   2 |  178.0 |
               +--------+--------+--------+--------+--------+-----+--------+

Top non-repeatable levels by time:
     D:2: 346 daAuts
     D:1: 10 daAuts
